AoeStats
← Marbas

Runestones

508080942Analyzed
1v1 RM · 12d ago on Sep 20, 2026· 23m 35s· 2 players
Game mode
Random Map
Map size
Tiny (2 player)
Population
200
Speed
Normal
Resources
Standard
Victory
Conquest
Starting age
Dark Age
Ending age
Imperial Age
RankedLock teamsTeams togetherTeam positionsShared explorationLock speedFull tech treeHidden civsTurbo modeCheats
Victory
Defeat
🇬🇧 Vietnamese · United Kingdom
1874
+14
🇷🇺 Romans · Russia
1828
-14
Marbas
6:20 Loom
8:52 Feudal Age
8:58 Man-at-Arms
10:58 Double-Bit Axe
11:17 Scale Mail Armor
15:04 Horse Collar
22:22 Castle Age
22:20 Gold Mining
23:22 Chain Mail Armor
22:32 Long Swordsman
Drush Limbaugh
6:30 Loom
9:21 Feudal Age
9:23 Man-at-Arms
9:49 Double-Bit Axe
14:58 Fletching
20:45 Castle Age
19:08 Gold Mining
19:23 Horse Collar
20:19 Padded Archer Armor
20:52 Crossbowman
21:29 Bodkin Arrow
22:45 Bow Saw
23:24 Ballistics
Connection lost

Rejoining the realm…

Still unreachable

The connection could not be restored.

Session expired

The server has moved on; the page needs a fresh start.